 Dungeon Crawl Stone Soup version 0.27.1-33-g824d729ab1 (webtiles) character file.

Game seed: 12677179451832234175

6594 Labrat the Thaumaturge (level 11, -12/74 (81) HPs)
             Began as a Gnoll Hedge Wizard on Dec 25, 2021.
             Was a Follower of Vehumet.
             Killed from afar by Josephine (17 damage)
             ... with a ghostly fireball
             ... on level 10 of the Dungeon.
             The game lasted 01:00:27 (15349 turns).

Labrat the Thaumaturge (Gnoll Hedge Wizard)        Turns: 15349, Time: 01:00:29

HP:   -12/74 (81)   AC: 11    Str: 17    XL:     11   Next: 2%
MP:   15/24         EV: 29    Int: 16    God:    Vehumet [*.....]
Gold: 115           SH:  5    Dex: 11    Spells: 22/28 levels left

rFire    . . .     SeeInvis .   N - +2 spear (freeze)
rCold    . . .     Faith    .   M - +0 buckler
rNeg     . . .     Spirit   .   P - +2 robe {Will+}
rPois    .         Reflect  .   a - +0 helmet
rElec    .         Harm     .   (no cloak)
rCorr    .         Rampage  .   (no gloves)
Will     +....                  G - +0 pair of boots
Stlth    +++.......             c - amulet of the acrobat
HPRegen  0.22/turn              i - +4 ring of protection
MPRegen  0.19/turn              H - +6 ring of strength

@: acrobatic, drained
A: fangs 1, strong nose, distributed training
a: Renounce Religion


You were on level 10 of the Dungeon.
You worshipped Vehumet.
Vehumet was aware of your devotion.
You visited 2 branches of the dungeon, and saw 11 of its levels.
You also visited: Sewer.

You collected 410 gold pieces.
You spent 295 gold pieces at shops.

Inventory:

Hand Weapons
 b - a +3 scimitar of flaming
 C - a +2 dagger of holy wrath
 N - a +2 spear of freezing (weapon)
 Q - a +1 dagger of venom
Missiles
 F - 2 throwing nets
 K - 28 poisoned darts
 L - 2 curare-tipped darts
Armour
 a - a +0 helmet (worn)
 G - a +0 pair of boots (worn)
 M - a +0 buckler (worn)
 P - a +2 robe of willpower (worn)
Jewellery
 c - an amulet of the acrobat (around neck)
 i - a +4 ring of protection (left hand)
 H - a +6 ring of strength (right hand)
Wands
 y - a wand of iceblast (10)
 z - a wand of flame (18)
 O - a wand of charming (8)
Scrolls
 f - 5 scrolls of teleportation
 g - 2 scrolls of brand weapon {unknown}
 h - 3 scrolls of magic mapping
 j - 3 scrolls of immolation
 m - 2 scrolls of vulnerability {unknown}
 o - a scroll of torment {unknown}
 q - a scroll of enchant weapon {unknown}
 s - a scroll of fog {unknown}
 t - 2 scrolls of blinking {unknown}
 w - 2 scrolls of enchant armour
 x - 3 scrolls of fear
 D - 2 scrolls of noise {unknown}
 E - 2 scrolls of amnesia {unknown}
 J - 2 scrolls of acquirement
Potions
 d - 5 potions of curing
 e - 4 potions of haste
 k - 4 potions of lignification
 l - 2 potions of might {unknown}
 n - a potion of attraction {unknown}
 p - 4 potions of heal wounds
 r - a potion of mutation {unknown}
 u - a potion of invisibility {unknown}
 v - a potion of flight {unknown}
 A - 3 potions of magic
 B - a potion of experience {unknown}
 I - a potion of brilliance {unknown}


   Skills:
 + Level 5.8 Fighting
 + Level 5.8 Short Blades
 + Level 5.8 Long Blades
 + Level 5.8 Axes
 + Level 5.8 Maces & Flails
 + Level 5.8 Polearms
 + Level 5.8 Staves
 + Level 5.8 Slings
 + Level 5.8 Bows
 + Level 5.8 Crossbows
 + Level 5.8 Throwing
 + Level 5.8 Armour
 + Level 7.5 Dodging
 + Level 7.2 Stealth
 + Level 5.8 Shields
 + Level 5.8 Unarmed Combat
 + Level 9.3 Spellcasting
 + Level 5.3 Conjurations
 + Level 4.8 Hexes
 + Level 5.3 Summonings
 + Level 4.8 Necromancy
 + Level 5.3 Translocations
 + Level 4.8 Transmutations
 + Level 4.8 Fire Magic
 + Level 4.8 Ice Magic
 + Level 4.8 Air Magic
 + Level 4.8 Earth Magic
 + Level 4.8 Poison Magic
 + Level 6.4 Invocations
 + Level 5.8 Evocations


You had 22 spell levels left.
You knew the following spells:

 Your Spells              Type           Power      Damage    Failure   Level
a - Magic Dart            Conj           96%        1d7       1%          1
b - Blink                 Tloc           N/A        N/A       1%          2
e - Mephitic Cloud        Conj/Pois/Air  23%        N/A       3%          3

Your spell library contained the following spells:

 Spells                   Type           Power      Damage    Failure   Level
 Sandblast                Erth           44%        2d11      1%          1
 Call Imp                 Summ           24%        N/A       1%          2
 Slow                     Hex            22%        N/A       1%          2
 Sublimation of Blood     Necr           11%        N/A       1%          2
 Call Canine Familiar     Summ           24%        N/A       3%          3
 Conjure Flame            Conj/Fire      23%        6-21      3%          3
 Portal Projectile        Hex/Tloc       46%        N/A       3%          3
 Leda's Liquefaction      Hex/Erth       11%        N/A       13%         4
 Petrify                  Tmut/Erth      22%        N/A       13%         4
 Irradiate                Conj/Tmut      11%        3d17      32%         5


Dungeon Overview and Level Annotations

Branches:
Dungeon (10/15)            Temple (1/1) D:7             Orc (0/2) D:9
  Sewer (visited)
   Lair: D:8-11

Altars:
Ashenzari
Cheibriados
Dithmenos
Elyvilon
Fedhas
Gozag
Hepliaklqana
Kikubaaqudgha
Nemelex Xobeh
Okawaru
Qazlal
Ru
Sif Muna
Trog
Uskayaw
Vehumet
Wu Jian
Xom
Yredelemnul
Zin
The Shining One

Shops:
D:3 (   D:5 !:!?   D:7 ?   D:9 **

Annotations:
D:10 Josephine


Innate Abilities, Weirdness & Mutations

You have very sharp teeth.
Your uncanny sense of smell can sniff out nearby items.
Your experience applies equally to all skills.


Message History

You reach to attack!
You hit the centaur warrior. You freeze the centaur warrior.
The centaur warrior is heavily wounded.
Josephine is engulfed in noxious fumes.
The centaur warrior barely misses Josephine.
The centaur warrior kicks Josephine but does no damage.
The centaur warrior hits itself with a +0 dagger!
The centaur warrior kicks itself but does no damage.
Josephine is engulfed in noxious fumes.
Unknown command.
Casting: Mephitic Cloud (mildly dangerous; 3% risk of failure)
Confirm with . or Enter, or press ? or * to list all spells.
Aiming: Mephitic Cloud (mildly dangerous; 3% risk of failure)
Press: ? - help, Shift-Dir - straight line, f/p - centaur warrior
Aim: a centaur warrior, wielding a +0 dagger and quivering arrows (severely wounded, confused, chance to affect: 53%) That beam is likely to hit you.
Continue anyway?
The ball explodes into a vile cloud!
The stinking cloud engulfs Josephine but does no damage.
Josephine is lightly wounded.
The stinking cloud engulfs you but does no damage.
You are engulfed in noxious fumes.
You choke on the stench!
You are confused.
Josephine is engulfed in noxious fumes.
Josephine hits you but does no damage.
Josephine is engulfed in noxious fumes.
You're too confused to move!
You feel less confused.
Josephine is engulfed in noxious fumes.
Josephine casts a spell at you.
The ghostly flame explodes!
The ghostly fireball engulfs you!!!
You feel drained.
Ouch! That really hurt!
* * * LOW HITPOINT WARNING * * *
The ghostly fireball engulfs Josephine.
Josephine completely resists.
The centaur warrior is engulfed in noxious fumes.
A wraith comes into view.
Josephine is engulfed in noxious fumes.
Josephine grins malevolently.
Josephine casts a spell at you.
The ghostly flame explodes!
The ghostly fireball engulfs you!
You feel drained.
You die...

#..# #.## #.#
#.# #.# #.#
#.# ### #.#
#.. #@# #.# #
#.# #.#####.#.
#@# #.##..>...
#☼# #.##.##.#.
#c#######.##.#
.#
#.W.c...@....#
.#
#########.####
.# #.# #.# #.#
.. .


You could see Josephine, a centaur warrior (confused) and a wraith.

Vanquished Creatures
  Erica (D:9)
  A komodo dragon (D:10)
  A troll (D:9)
  Sigmund (D:3)
  A wraith (D:7)
  A wyvern (D:8)
  3 yaks (D:10)
  An acid dragon (D:8)
  Edmund (D:4)
  3 water moccasins
  Purgy (Sewer)
  An ice beast (D:8)
  2 orc warriors (D:9)
  2 black bears (D:5)
  A hornet zombie (D:8)
  A sky beast (D:7)
  An ogre (D:6)
  A phantom (D:5)
  5 centaurs
  2 howler monkeys (D:9)
  3 kobold brigands
  2 bullfrogs
  A gnoll sergeant (D:7)
  2 scorpions
  A wyvern skeleton (D:7)
  5 killer bees (D:7)
  8 wights
  4 centaur zombies
  A lava snake (D:7)
  A centaur skeleton (D:6)
  2 hounds (D:4)
  2 jellies
  4 orc priests
  2 gnoll shamans
  2 bullfrog skeletons
  2 iguanas
  7 orc wizards
  Natasha (thrice) (D:2)
  A hound skeleton (D:5)
  Robin (D:3)
  19 gnolls
  7 adders
  2 white imps
  3 ufetubi
  2 worms
  A dart slug (D:2)
  19 orcs
  6 bats
  12 endoplasms
  5 giant cockroaches
  12 goblins
  9 hobgoblins
  8 jackals (D:3)
  A quokka (D:4)
  2 ball pythons
  4 frilled lizards
  17 kobolds
  A quokka skeleton (D:4)
  7 rats
222 creatures vanquished.

Vanquished Creatures (collateral kills)
  2 centaur zombies (D:9)
2 creatures vanquished.

Vanquished Creatures (others)
  12 fungi (D:5)
12 creatures vanquished.

Grand Total: 236 creatures vanquished

Notes
Turn   | Place    | Note
-------+----------+-------------------------------------------
     0 | D:1      | Labrat the Gnoll Hedge Wizard began the quest for the Orb.
     0 | D:1      | Reached XP level 1. HP: 13/13 MP: 8/8
   285 | D:1      | Reached XP level 2. HP: 19/19 MP: 5/10
  1060 | D:1      | Found a faded altar of an unknown god.
  1379 | D:2      | Noticed Natasha
  1390 | D:2      | Killed Natasha
  1391 | D:2      | Reached skill level 1 in Invocations
  1391 | D:2      | Reached XP level 3. HP: 13/25 MP: 2/11
  1406 | D:2      | Learned a level 2 spell: Blink
  1410 | D:2      | Learned a level 3 spell: Mephitic Cloud
  1424 | D:2      | Noticed Natasha
  1431 | D:2      | Killed Natasha
  1432 | D:2      | Reached skill level 1 in Fighting
  1432 | D:2      | Reached skill level 1 in Short Blades
  1432 | D:2      | Reached skill level 1 in Long Blades
  1432 | D:2      | Reached skill level 1 in Axes
  1432 | D:2      | Reached skill level 1 in Maces & Flails
  1432 | D:2      | Reached skill level 1 in Polearms
  1432 | D:2      | Reached skill level 1 in Staves
  1432 | D:2      | Reached skill level 1 in Slings
  1432 | D:2      | Reached skill level 1 in Bows
  1432 | D:2      | Reached skill level 1 in Crossbows
  1432 | D:2      | Reached skill level 1 in Throwing
  1432 | D:2      | Reached skill level 1 in Armour
  1432 | D:2      | Reached skill level 1 in Shields
  1432 | D:2      | Reached skill level 1 in Unarmed Combat
  1432 | D:2      | Reached skill level 1 in Evocations
  1432 | D:2      | Reached XP level 4. HP: 22/32 MP: 3/13
  1500 | D:2      | Noticed Natasha
  1506 | D:2      | Killed Natasha
  1507 | D:2      | Reached skill level 1 in Hexes
  1507 | D:2      | Reached skill level 1 in Necromancy
  1507 | D:2      | Reached skill level 1 in Transmutations
  1507 | D:2      | Reached skill level 1 in Fire Magic
  1507 | D:2      | Reached skill level 1 in Ice Magic
  1507 | D:2      | Reached skill level 1 in Air Magic
  1507 | D:2      | Reached skill level 1 in Earth Magic
  1507 | D:2      | Reached skill level 1 in Poison Magic
  2072 | D:2      | Found a glowing silver altar of Zin.
  2282 | D:3      | Reached XP level 5. HP: 37/37 MP: 8/14
  2476 | D:3      | Noticed Robin
  2528 | D:3      | Killed Robin
  2826 | D:3      | Found Cushyxt's Antique Weapon Emporium.
  3158 | D:3      | Noticed Sigmund
  3412 | D:3      | Found a snail-covered altar of Cheibriados.
  3644 | D:4      | Reached XP level 6. HP: 34/44 MP: 13/16
  3846 | D:4      | Noticed Edmund
  4460 | D:5      | Entered Level 5 of the Dungeon
  4461 | D:5      | Noticed a black bear
  4477 | D:5      | Killed a black bear
  4478 | D:5      | Reached skill level 5 in Dodging
  4553 | D:5      | Noticed a black bear
  4564 | D:5      | Killed a black bear
  4565 | D:5      | Reached XP level 7. HP: 50/50 MP: 14/18
  4704 | D:5      | Found a hide-covered altar of Uskayaw.
  4732 | D:5      | Found a hazy altar of Hepliaklqana.
  4798 | D:5      | Found Kaellev's Magic Scroll Shoppe.
  4799 | D:5      | Found Raorpheonu's Distillery.
  4800 | D:5      | Found Unkas's Book Boutique.
  4801 | D:5      | Found Ininyhuf's Distillery.
  4902 | D:5      | Bought a scroll of magic mapping for 42 gold pieces
  4902 | D:5      | Bought a scroll of enchant armour for 90 gold pieces
  4902 | D:5      | Bought a scroll of fear for 42 gold pieces
  6093 | D:4      | Killed Edmund
  6094 | D:4      | Reached skill level 5 in Stealth
  6117 | D:3      | Killed Sigmund
  6118 | D:3      | Reached XP level 8. HP: 47/58 MP: 12/19
  6288 | D:6      | Found a glowing drain.
  6426 | Sewer    | Entered a sewer
  6515 | Sewer    | Noticed Purgy
  6541 | Sewer    | Killed Purgy
  7055 | D:6      | Found an opulent altar of Gozag.
  7181 | D:6      | Reached skill level 8 in Spellcasting
  7662 | D:6      | Found a sparkling altar of Nemelex Xobeh.
  7694 | D:6      | Found a sacrificial altar of Ru.
  8028 | D:6      | Reached XP level 9. HP: 35/65 MP: 17/21
  8264 | D:6      | Found a shimmering altar of Xom.
  8479 | D:7      | Found a glowing golden altar of the Shining One.
  8766 | D:7      | Found Ivog's Magic Scroll Boutique.
  9639 | D:7      | Found an ancient bone altar of Kikubaaqudgha.
 10445 | D:7      | Found a staircase to the Ecumenical Temple.
 10454 | Temple   | Entered the Ecumenical Temple
 10525 | Temple   | Became a worshipper of Vehumet
 10849 | D:8      | Reached skill level 5 in Invocations
 12161 | D:5      | Bought a potion of curing for 33 gold pieces
 12165 | D:5      | Bought a potion of magic for 88 gold pieces
 12169 | D:5      | Identified 2 scrolls of acquirement
 12240 | D:7      | Reached XP level 10. HP: 41/73 MP: 19/22
 12556 | D:9      | Found a staircase to the Orcish Mines.
 12599 | D:9      | Noticed Erica
 12970 | D:9      | Found Zin's Purification Station.
 13196 | D:8      | Reached skill level 5 in Fighting
 13196 | D:8      | Reached skill level 5 in Short Blades
 13196 | D:8      | Reached skill level 5 in Long Blades
 13196 | D:8      | Reached skill level 5 in Axes
 13196 | D:8      | Reached skill level 5 in Maces & Flails
 13196 | D:8      | Reached skill level 5 in Polearms
 13196 | D:8      | Reached skill level 5 in Staves
 13196 | D:8      | Reached skill level 5 in Slings
 13196 | D:8      | Reached skill level 5 in Bows
 13196 | D:8      | Reached skill level 5 in Crossbows
 13196 | D:8      | Reached skill level 5 in Throwing
 13196 | D:8      | Reached skill level 5 in Armour
 13196 | D:8      | Reached skill level 5 in Shields
 13196 | D:8      | Reached skill level 5 in Unarmed Combat
 13196 | D:8      | Reached skill level 5 in Evocations
 13270 | D:9      | Found a glowing silver altar of Zin.
 13447 | D:9      | Reached * piety under Vehumet
 13447 | D:9      | Offered knowledge of Sandblast by Vehumet.
 13595 | D:9      | Found Batuym's Serpentskin Sales.
 13991 | D:9      | Killed Erica
 13992 | D:9      | Reached skill level 9 in Spellcasting
 13992 | D:9      | Reached skill level 5 in Conjurations
 13992 | D:9      | Reached skill level 5 in Summonings
 13992 | D:9      | Reached skill level 5 in Translocations
 14706 | D:9      | Found a shimmering blue altar of Sif Muna.
 14857 | D:10     | Entered Level 10 of the Dungeon
 15133 | D:10     | Reached XP level 11. HP: 60/81 MP: 21/24
 15309 | D:10     | Noticed Josephine
 15311 | D:10     | Noticed a centaur warrior
 15349 | D:10     | Killed from afar by Josephine

Illustrated notes

Levels and vault maps discovered:
D:1:      dpeg_arrival_water_fire, layout_loops_ring,
          shapermc_ecumenical_altar_hornbeckon
D:2:      layout_loops_ring, basic_altar, minmay_tall_x, uniq_natasha
D:3:      layout_basic, lemuel_round_altar, serial_shops, shop, uniq_sigmund,
          uniq_robin
D:4:      layout_basic, uniq_edmund
D:5:      layout_rooms, mainiacjoe_overflow_surrounded_room,
          eat_drink_and_be_merry_uskayaw, serial_aquarium,
          aquarium_bridge_long_separate [aquarium_subvault_bridge,
          aquarium_subvault_window, aquarium_subvault_balcony,
          aquarium_subvault_wall, aquarium_subvault_bridge,
          aquarium_subvault_window], aquarium_window_1, aquarium_window_1,
          aquarium_window_1, aquarium_window_2, aquarium_view_2e,
          nicolae_wooded_promenade
D:6:      layout_loops_cross, old_standard_altar, nicolae_ru_awakened_eye,
          nemelex_dance_club_becter, grunt_gozag_statues,
          cheibrodos_sewer_entry_drain
D:7:      layout_gridville, general_overflow_altar,
          nicolae_tso_carved_into_rock, temple_hall, serial_shops,
          nicolae_inconvenience_store
D:8:      layout_gridville
D:9:      layout_roguey, zin_purify, kennysheep_orc_sif_temple, orc_0_dummy,
          guppyfry_shop_venom, uniq_erica
D:10:     layout_loops_ring, lemuel_tele_altar, erik_lair_dragon, uniq_josephine
Temple:   jpeg_temple_alley_garden

Skill      XL: |  1  2  3  4  5  6  7  8  9 10 |
---------------+-------------------------------+-----
Conjurations   | 2 3 4 5 |  5.3
Summonings     | 2 3 4 5 |  5.3
Translocations | 2 3 4 5 |  5.3
Invocations    | 1 2 3 4 5 6 |  6.4
Fighting       | 1 2 3 4 5 |  5.8
Short Blades   | 1 2 3 4 5 |  5.8
Long Blades    | 1 2 3 4 5 |  5.8
Axes           | 1 2 3 4 5 |  5.8
Maces & Flails | 1 2 3 4 5 |  5.8
Polearms       | 1 2 3 4 5 |  5.8
Staves         | 1 2 3 4 5 |  5.8
Slings         | 1 2 3 4 5 |  5.8
Bows           | 1 2 3 4 5 |  5.8
Crossbows      | 1 2 3 4 5 |  5.8
Throwing       | 1 2 3 4 5 |  5.8
Armour         | 1 2 3 4 5 |  5.8
Shields        | 1 2 3 4 5 |  5.8
Unarmed Combat | 1 2 3 4 5 |  5.8
Evocations     | 1 2 3 4 5 |  5.8
Hexes          | 1 2 3 4 |  4.8
Necromancy     | 1 2 3 4 |  4.8
Transmutations | 1 2 3 4 |  4.8
Fire Magic     | 1 2 3 4 |  4.8
Ice Magic      | 1 2 3 4 |  4.8
Air Magic      | 1 2 3 4 |  4.8
Earth Magic    | 1 2 3 4 |  4.8
Poison Magic   | 1 2 3 4 |  4.8
Dodging        | 5 6 7 |  7.5
Stealth        | 5 6 7 |  7.2
Spellcasting   | 8 9 |  9.3

Action                   |  1- 3 |  4- 6 |  7- 9 | 10-12 || total
-------------------------+-------+-------+-------+-------++-------
Melee: Dagger            |     3 |    99 |   340 |       ||   442
       Bite              |     1 |     7 |    58 |    29 ||    95
       Punch             |       |     2 |     3 |       ||     5
       Short sword       |       |       |    18 |       ||    18
       Spear             |       |       |   156 |   293 ||   449
Throw: Dart              |       |       |       |     4 ||     4
 Cast: Magic Dart        |    63 |   117 |   248 |    58 ||   486
       Mephitic Cloud    |       |     3 |    23 |    22 ||    48
       Blink             |       |       |    17 |     9 ||    26
Evoke: Wand              |       |       |       |     2 ||     2
  Use: Scroll            |       |       |     7 |       ||     7
       Potion            |       |       |       |     1 ||     1
 Stab: Sleeping          |       |     4 |     4 |       ||     8
       Confused          |       |     3 |    14 |    18 ||    35
       Distracted        |       |       |     1 |       ||     1
Armor: Robe              |       |    22 |   134 |    57 ||   213
Dodge: Dodged            |     3 |    63 |   348 |   115 ||   529
Block: Buckler           |       |       |    50 |    44 ||    94
